 Dungeon Crawl Stone Soup version 0.17.1-3-g152610e (webtiles) character file.

690406 Badjas the Warrior (level 27, -18/221 HPs)
             Began as a Demonspawn Abyssal Knight on Feb 24, 2016.
             Was the Champion of Lugonu.
             Killed from afar by an orb of fire (25 damage)
             ... with a fireball
             ... on level 16 of a ziggurat on Mar 19, 2016.
             The game lasted 14:15:47 (90629 turns).

Badjas the Warrior (Demonspawn Abyssal Knight)     Turns: 90629, Time: 14:15:48

Health: -18/221    AC: 31    Str: 18    XL:     27
Magic:  35/45      EV: 30    Int: 26    God:    Lugonu [******]
Gold:   7112       SH: 19    Dex: 30    Spells: 11 memorised, 12 levels left

rFire  + + .     SeeInvis +     a - +9 quick blade (pain)
rCold  + . .     Clarity  .     M - +9 chain mail of Optimism {MR+ Int+2 Slay+3}
rNeg   + + .     SustAt   .     X - +5 shield {AC+3}
rPois  +         Gourm    .     (helmet unavailable)
rElec  +         Spirit   .     E - +2 cloak
rCorr  .         Warding  +     D - +3 pair of gloves of Hangman {Int+3}
rMut   .         Stasis   .     o - +0 pair of boots of the Snake Pit {rElec rPois rF+ MP-9}
MR     ++++.                    I - amulet of Mifufiul {Ward rN+ Int+4 Dex+4}
Stlth  ++++++++..               u - ring of Shaolin {EV+8}
                                h - ring "Figius" {rN+ MR+ MP+9 Dex+3}

@: death channel, regenerating (expiring), studying Dodging, incredibly
resistant to hostile enchantments, extraordinarily stealthy
A: antennae 3, hooves 1, thin skeletal structure 3, agile 1, blurry vision 1,
cold resistance 1, deformed body, dopey 1, fire resistance 1, nightstalker 3,
passive freeze, spiny 3, freezing cloud immunity, subdued magic 1
a: Depart the Abyss, Bend Space, Banish, Corrupt, Enter the Abyss, Renounce
Religion
}: 4/15 runes: barnacled, silver, abyssal, gossamer


You were on level 16 of a ziggurat.
You worshipped Lugonu.
Lugonu was exalted by your worship.
You were hungry.

You visited 11 branches of the dungeon, and saw 57 of its levels.
You visited the Abyss 2 times.
You visited 1 bazaar.
You visited 1 ziggurat, and saw 16 of its levels.
You also visited: Volcano.

You collected 11780 gold pieces.
You spent 4668 gold pieces at shops.

Inventory:

Hand Weapons
 a - a +9 quick blade of pain (weapon)
Missiles
 P - 4 throwing nets (quivered)
Armour
 n - a +2 pair of boots of flying
 o - the +0 pair of boots of the Snake Pit (worn) {rElec rPois rF+ MP-9}
   (You found it on level 13 of a ziggurat)

   It protects you from fire.
   It insulates you from electricity.
   It protects you from poison.
   It affects your magic capacity (-9).
 D - the +3 pair of gloves of Hangman (worn) {Int+3}
   (You acquired it on level 3 of the Elven Halls)

   It affects your intelligence (+3).
 E - a +2 cloak (worn)
 M - the +9 chain mail of Optimism (worn) {MR+ Int+2 Slay+3}
   (You found it on level 15 of the Dungeon)

   It affects your intelligence (+2).
   It affects your accuracy and damage with ranged weapons and melee attacks
   (+3).
   It affects your resistance to hostile enchantments.
 X - a +5 shield of protection (worn)
Rods
 Y - a +5 rod of the swarm (6/13)
   (You found it on level 15 of a ziggurat)
Jewellery
 h - the ring "Figius" (left hand) {rN+ MR+ MP+9 Dex+3}
   (You found it on level 15 of a ziggurat)

   [ring of dexterity]

   It affects your dexterity (+3).
   It protects you from negative energy.
   It affects your resistance to hostile enchantments.
   It affects your magic capacity (+9).
 j - the ring "Avippor" {Wiz MR+}
   (You found it on level 3 of the Vaults)

   [ring of wizardry]

   It improves your spell success rate.
   It affects your resistance to hostile enchantments.
 p - an uncursed amulet of resist mutation
 u - the ring of Shaolin (right hand) {EV+8}
   (You bought it in a shop on level 3 of the Vaults)

   [ring of evasion]

   It affects your evasion (+8).
 x - an uncursed amulet of resist corrosion
 I - the amulet of Mifufiul (around neck) {Ward rN+ Int+4 Dex+4}
   (You found it on level 2 of the Crypt)

   [amulet of warding]

   It may prevent the melee attacks of summoned creatures.
   It affects your intelligence (+4).
   It affects your dexterity (+4).
   It protects you from negative energy.
 U - the amulet of the Present {Inacc rF++ rC+ MP+9}
   (You found it on level 9 of a ziggurat)

   [amulet of inaccuracy]

   It reduces the accuracy of all your attacks.
   It greatly protects you from fire.
   It protects you from cold.
   It affects your magic capacity (+9).
Wands
 v - a wand of teleportation (0)
 y - a wand of invisibility (3)
 S - a wand of digging (7)
Scrolls
 b - 6 scrolls of silence
 c - 3 scrolls of enchant weapon
 e - 27 scrolls of remove curse
 f - 6 scrolls of fear
 i - 4 scrolls of magic mapping
 t - 12 scrolls of recharging
 A - 13 scrolls of fog
 B - 17 scrolls of identify
 C - 22 scrolls of teleportation
 J - 9 scrolls of blinking
Potions
 d - 7 potions of heal wounds
 g - 8 potions of cancellation
 k - 6 potions of cure mutation
 w - 17 potions of curing
 z - 9 potions of resistance
 G - a potion of brilliance
 N - 9 potions of might
 Q - 6 potions of haste
Books
 R - a manual of Dodging
Miscellaneous
 l - 6 phantom mirrors
 m - an ornate deck of summoning {the Dance}
 r - a box of beasts
 F - a disc of storms
 K - a lamp of fire
 L - a crystal ball of energy
 T - a stone of tremors
 V - a phial of floods (inert)
 W - a fan of gales
 Z - a lantern of shadows
Comestibles
 q - 24 meat rations
 s - 28 bread rations
 H - 11 beef jerkies
 O - 22 royal jellies


   Skills:
 - Level 19.1 Fighting
 - Level 15.1(15.2) Short Blades
   Level 1.7(10.3) Long Blades
   Level 4.3 Axes
 - Level 2.0 Throwing
 - Level 15.0 Armour
 * Level 16.5 Dodging
 - Level 15.4 Stealth
 - Level 11.2 Shields
 - Level 18.2 Spellcasting
 * Level 8.7 Charms
 - Level 17.5 Necromancy
 - Level 12.4 Ice Magic
 * Level 6.3 Air Magic
 - Level 4.8 Poison Magic
 - Level 12.8 Invocations
 - Level 13.5 Evocations


You had 12 spell levels left.
You knew the following spells:

 Your Spells              Type           Power        Failure   Level  Hunger
a - Cure Poison           Pois           ####......   2%          2    None
b - Regeneration          Chrm/Necr      ######....   1%          3    None
c - Freezing Cloud        Conj/Ice/Air   #####.....   99%         6    ###....
d - Control Undead        Necr           ######....   1%          4    None
e - Dispel Undead         Necr           ######..     1%          5    None
f - Sublimation of Blood  Necr           ######....   0%          2    None
g - Excruciating Wounds   Chrm/Necr      ######....   1%          5    None
h - Cigotuvi's Embrace    Necr           ######....   1%          5    None
i - Death Channel         Necr           ######....   1%          6    ###....
j - Simulacrum            Ice/Necr       ######....   3%          6    ###....
k - Deflect Missiles      Chrm/Air       #####.....   92%         6    ###....


Dungeon Overview and Level Annotations

Branches:
Dungeon (15/15)            Temple (0/1) D:6            Lair (8/8) D:10
 Shoals (4/4) Lair:5       Spider (4/4) Lair:5        Slime (0/6) Lair:6
    Orc (4/4) D:11            Elf (3/3) Orc:3        Vaults (5/5) D:13
  Crypt (3/3) Vaults:3       Tomb (0/3) Crypt:3      Depths (5/5) D:15
   Hell (1/1)                 Zot (5/5) Depths:5
    Dis: Hell:1         Geh: Hell:1         Coc: Hell:1         Tar: Hell:1

Altars:
Ashenzari
Cheibriados
Dithmenos
Fedhas
Gozag
Kikubaaqudgha
Nemelex Xobeh
Sif Muna
Trog
Vehumet
Xom
Yredelemnul
Zin
Beogh
Jiyva

Shops:
D:4 ?   D:10 !   Orc:4 (%!*   Elf:1 =   Elf:2 *   Vaults:1 ?   Vaults:3 =
Vaults:4 ?(!

Portals:
Hell: Depths:1 Depths:2 Depths:3 Depths:4 Depths:5
Abyss: Depths:4
Pandemonium: Depths:1 Depths:2 Depths:3

Annotations:
D:2 exclusions: 3 gnolls and goblin
D:3 Sigmund
D:10 Snorg
D:11 exclusion: ice statue
D:14 exclusion: Roxanne, Roxanne
Lair:3 Josephine
Shoals:1 Nikola
Shoals:3 exclusions: sensed monster (detected) and 4 more exclusions, Mara
Shoals:4 exclusion: upstairs, Ilsuiw
Orc:1 Fannar
Vaults:3 Jory
Crypt:1 Boris
Depths:3 Zeloya's ghost, veteran KoFi


Innate Abilities, Weirdness & Mutations

You have a pair of large antennae on your head (SInv).
You have an unnaturally thin skeletal structure (Dex +6, Stealth++).
Your flesh is cold resistant.
You are completely attuned to the shadows.
A frigid envelope surrounds you and freezes all who hurt you.
You are completely covered in sharp spines.
You are immune to freezing clouds.
You have large cloven feet.
You are agile. (Dex +2)
Scrolls take you a little longer to read.
Armour fits poorly on your strangely shaped body.
You are dopey. (Int -2)
Your flesh is heat resistant.
Your spells are a little easier to cast, but a little less powerful.


Message History

The bolt of fire hits you! You resist.
* * * LOW HITPOINT WARNING * * *
Something closely misses your orb of fire.
Something bites your spectral fire giant.
Your water elemental barely misses the salamander stormcaller.
Something bites your water elemental.
Unknown command.
The orb of fire glows deep purple.
The fireball explodes!
The fireball engulfs you! You resist.
* * * LOW HITPOINT WARNING * * *
The fireball engulfs the fire dragon.
The fire dragon resists.
Something hits the salamander stormcaller!!
The salamander stormcaller dies!
Lugonu accepts your kill.
A glowing mist starts to gather...
Your water elemental misses the fire elemental.
The orb of fire glows bright magenta.
The fireball explodes!
The fireball engulfs the orb of fire.
The orb of fire completely resists.
The fireball engulfs you! You resist.
You die...

....kD) .{.Nh**
..{.N.N ..........
.{..N ▓[??........
..{..
▓|?:Z..{..... #.{
▓∩??)..{.{{.# #.
▓>D*[E*{....# #.
▓@*[?EZ.≈≈≈.## ##.
▓([N[E§§≈{v..###..
▓......≈≈)≈..v§{..
▓......≈≈≈≈.†vv{..
▓......≈....v§§{..
▓▓▓▓▓v...{§...
▓.§.§§.{..
▓....v....
▓.........


You could see 2 orbs of fire, a fire dragon, a salamander stormcaller, a fire
elemental, a friendly spectral salamander (wandering) and 2 friendly water
elementals.

Vanquished Creatures
  An ancient lich (Zig:11)
  An orb of fire (Zot:4)
  Mennas (Abyss:1)
  The ghost of riffraff the Axe Maniac, a master MiFi of Okawaru (Zot:1)
  4 greater mummies
  Sojobo (Abyss:1)
  Margery (Depths:3)
  2 curse toes
  A caustic shrike (Zig:14)
  15 golden dragons
  2 bone dragons
  A profane servitor (Zig:10)
  Jorgrun (Depths:1)
  8 liches
  Rupert (Orc:3)
  A hellephant (Zig:14)
  17 tentacled monstrosities
  3 titans
  5 deep elf blademasters
  2 deep elf master archers
  Polyphemus (Shoals:2)
  3 tentacled starspawn (Abyss:1)
  A sphinx (Vaults:5)
  13 storm dragons
  A draconian monk (Zot:2)
  2 ancient champions (Zig:11)
  A thorn hunter (Zig:7)
  3 greater nagas
  8 death cobs
  6 tengu reavers
  2 shadow dragons
  A daeva (Abyss:3)
  10 fire giants
  5 revenants
  Donald (Shoals:1)
  8 vault wardens
  Maud (Abyss:1)
  6 draconian knights
  2 frost giants (Vaults:5)
  7 draconian scorchers
  Aizul (Vaults:1)
  Louise (Elf:3)
  5 ghost moths
  An orc warlord (Orc:3)
  4 deep elf sorcerers (Elf:3)
  2 iron dragons
  4 curse skulls
  4 draconian zealots
  An emperor scorpion (Spider:4)
  The ghost of Peloso the Peltast, a journeyman MiFi of Okawaru (D:15)
  4 draconian shifters
  A spriggan defender (Depths:3)
  7 ghouls
  2 blood saints (Zig:12)
  3 war gargoyles
  A draconian annihilator (Zot:4)
  8 green draconians
  4 reapers
  6 vampire knights
  19 stone giants
  3 draconian callers
  7 very ugly things
  14 ironheart preservers
  11 black draconians
  9 yellow draconians
  10 purple draconians
  12 deep elf demonologists
  2 salamander stormcallers
  11 deep elf annihilators
  12 white draconians
  11 mottled draconians
  5 dire elephants
  5 red draconians
  A mummy priest (Crypt:3)
  3 merfolk javelineers
  9 merfolk impalers
  A crystal guardian (Abyss:3)
  6 ettins
  12 deep elf death magi
  12 eidola
  2 quicksilver dragon zombies (Crypt:3)
  10 fire dragons
  9 great orbs of eyes
  4 deep elf high priests
  4 rakshasas
  3 jiangshi (Crypt:3)
  26 vault guards
  13 yaktaur captains
  A great orb of eyes (shapeshifter) (Abyss:3)
  A quicksilver dragon skeleton (Crypt:2)
  Harold (Lair:2)
  10 ice dragons
  3 spriggan air magi
  10 centaur warriors
  3 entropy weavers
  5 hydras
  7 merfolk aquamancers
  15 ogre magi
  2 catoblepae
  2 merfolk avatars
  16 dancing weapons
  An alligator (shapeshifter) (Depths:2)
  An anaconda (Zig:9)
  6 tengu warriors
  6 deep troll shamans
  4 thrashing horrors (Abyss:1)
  11 deep troll earth magi
  2 vampire magi
  5 hell knights
  2 hell hogs (Abyss:3)
  7 death yaks
  3 satyrs
  3 naga sharpshooters
  2 spriggan berserkers (Depths:4)
  3 fire crabs
  8 soul eaters
  A titan skeleton (Depths:1)
  A wretched star (Abyss:1)
  3 death drakes
  3 sun demons
  5 wizards
  3 shadow wraiths
  A storm dragon skeleton (Crypt:3)
  18 deep elf knights
  11 skeletal warriors
  A golden dragon zombie (Crypt:1)
  2 death scarabs (Zig:8)
  5 flayed ghosts
  A fire crab (shapeshifter) (Depths:4)
  3 starcursed masses (Abyss:1)
  4 unseen horrors
  2 anaconda zombies
  An ice devil (Abyss:3)
  A swamp dragon (shapeshifter) (Zig:15)
  9 deep elf summoners
  5 hill giants
  4 giant orange brains
  20 deep trolls
  14 sea snakes
  A naga ritualist (Zig:9)
  A spectral anaconda (Depths:2)
  14 ironbrand convokers
  A swamp dragon (Zig:13)
  An anubis guard (Zig:5)
  11 phantasmal warriors
  A lindwurm (shapeshifter) (Vaults:5)
  A mana viper (shapeshifter) (Vaults:4)
  17 necromancers
  25 deep elf conjurers
  8 griffons
  9 manticores
  4 salamanders
  22 fauns
  2 fauns (shapeshifter)
  17 orc knights
  5 water nymphs
  6 cyclopes
  10 wolf spiders
  7 orb spiders (Spider:4)
  A tengu skeleton (Vaults:3)
  4 oklob plants
  A sphinx skeleton (Depths:2)
  A mana viper (Depths:2)
  A griffon (shapeshifter) (Elf:3)
  9 orc sorcerers
  38 ugly things
  A hornet (shapeshifter) (Vaults:5)
  4 elephants
  23 moths of wrath
  A fire giant skeleton (Zig:6)
  A guardian serpent (Lair:8)
  5 hornets
  A black mamba (shapeshifter) (Depths:2)
  3 centaur zombies
  2 iron dragon skeletons (Crypt:3)
  Maurice (D:10)
  2 worldbinders
  A water nymph (shapeshifter) (Vaults:5)
  6 sirens
  A shock serpent zombie (Crypt:3)
  2 stone giant skeletons
  2 guardian serpents (shapeshifter)
  2 rust devils (Abyss:1)
  A frost giant skeleton (Crypt:3)
  5 smoke demons (Abyss:1)
  An ice statue (Zig:5)
  An elephant (shapeshifter) (Vaults:5)
  An alligator snapping turtle zombie (Crypt:1)
  13 black mambas
  24 spiny frogs
  8 vault sentinels
  2 orange demons (Abyss:1)
  2 kobold demonologists (Vaults:1)
  A hellion (Abyss:1)
  2 gargoyles
  3 demonic crawlers
  4 efreet
  7 komodo dragons
  A yaktaur (shapeshifter) (Vaults:2)
  An anaconda simulacrum (Depths:2)
  A komodo dragon (shapeshifter) (Vaults:1)
  2 ancient zymes
  A fire drake (shapeshifter) (Vaults:2)
  51 yaktaurs
  14 freezing wraiths
  2 spectral merfolk (Depths:2)
  9 large abominations
  7 fire drakes
  A queen bee (Lair:3)
  A green draconian skeleton (Crypt:1)
  9 guardian mummies
  2 trolls (shapeshifter)
  A hydra zombie (Crypt:3)
  A blue devil (Depths:3)
  A red devil (Depths:3)
  15 merfolk
  13 hellwings
  2 yaktaur skeletons
  14 jumping spiders
  A minotaur zombie (Crypt:1)
  24 two-headed ogres
  26 deep elf priests
  11 tengu conjurers
  4 wind drakes
  7 trolls
  A hornet zombie (Crypt:2)
  17 blink frogs
  A blink frog (shapeshifter) (Vaults:2)
  A polar bear (D:8)
  24 slime creatures
  A bog body (Crypt:1)
  A sphinx simulacrum (Vaults:1)
  2 boulder beetles
  8 shadows
  14 wraiths
  10 trapdoor spiders
  2 ynoxinuls
  A frost giant simulacrum (Vaults:4)
  10 flying skulls
  2 ushabtiu
  2 redbacks (shapeshifter)
  2 snapping turtles (Shoals:4)
  6 tarantellas
  25 water elementals
  3 air elementals (Depths:3)
  11 raiju
  25 redbacks
  16 hippogriffs
  An ettin skeleton (Crypt:3)
  A wind drake zombie (Crypt:2)
  3 black mamba zombies (Crypt:3)
  31 deep elf magi
  A fire bat (shapeshifter) (Depths:5)
  A fire dragon skeleton (Crypt:3)
  50 yaks
  5 fire bats
  46 deep elf fighters
  A spriggan skeleton (Zig:6)
  4 basilisks
  4 vampires
  A golden eye (shapeshifter) (Vaults:4)
  A hungry ghost (D:11)
  A wyvern (D:15)
  3 steam dragons
  2 chaos spawn
  5 neqoxecs
  8 wargs
  36 wolves
  A monstrous demonspawn zombie (Crypt:2)
  A hippogriff (shapeshifter) (Vaults:1)
  3 insubstantial wisps (Abyss:1)
  6 mottled dragons
  A wolf (shapeshifter) (Depths:1)
  28 vampire mosquitoes
  5 hell hounds
  57 orc warriors
  A spriggan simulacrum (Depths:2)
  22 water moccasins
  A spectral spriggan (Depths:2)
  3 black bears
  5 spectral trolls (Depths:2)
  10 porcupines
  4 swamp drakes
  An ice dragon simulacrum (Vaults:1)
  2 manticore zombies (Crypt:3)
  A spider (shapeshifter) (Zig:15)
  11 spiders
  2 eyes of draining
  An infernal demonspawn skeleton (Crypt:1)
  2 snapping turtle skeletons (Crypt:3)
  A snapping turtle zombie (Depths:2)
  55 ogres
  4 sky beasts
  45 centaurs
  6 ice beasts
  4 wasps
  5 necrophages
  6 boggarts
  2 brain worms
  Blork the orc (D:7)
  2 big kobolds (D:10)
  11 crocodiles
  3 gnoll sergeants
  A wyvern zombie (D:11)
  29 giant frogs
  A spider zombie (Crypt:2)
  6 wyvern skeletons
  A scorpion (shapeshifter) (Depths:1)
  A spectral ogre (Depths:2)
  4 scorpions
  37 killer bees
  23 wights
  2 spectral nagas (Depths:2)
  A troll skeleton (Crypt:1)
  A human simulacrum (Vaults:1)
  9 small abominations
  6 electric eels
  A lava snake (Volcano)
  3 crimson imps
  A gnoll shaman (D:7)
  8 giant frog zombies
  4 spectral centaurs (Depths:2)
  6 centaur skeletons
  3 jellies
  20 orc wizards
  19 orc priests
  5 hounds
  5 giant frog skeletons
  10 iguanas
  20 worker ants
  Natasha (thrice) (D:4)
  An iron imp (Abyss:1)
  A lightning spire (Zig:9)
  An ogre zombie (Crypt:3)
  13 sheep
  A big kobold skeleton (Crypt:2)
  A demigod zombie (Crypt:2)
  19 mummies
  2 hound skeletons (D:11)
  2 worker ant zombies
  21 adders
  22 gnolls
  59 river rats
  2 shadow imps
  3 white imps
  A worker ant simulacrum (D:8)
  A giant eyeball (Depths:2)
  3 ufetubi
  An adder skeleton (D:8)
  An adder zombie (D:6)
  A halfling zombie (Crypt:1)
  An ooze (D:4)
  3 worms
  6 giant geckos
  235 orcs
  A ball python (D:3)
  7 bats
  6 goblins
  9 hobgoblins
  26 jackals
  11 kobolds
  7 quokkas
  A giant cockroach (D:5)
  7 giant newts
  A kobold (shapeshifter) (Vaults:5)
  An orc zombie (Crypt:3)
  5 rats
  A crawling corpse (Zig:15)
  A lost soul (Crypt:1)
  3 plants
  A toadstool (D:1)
2710 creatures vanquished.

Vanquished Creatures (collateral kills)
  A greater mummy (Zig:8)
  2 bone dragons (Zig:10)
  2 golden dragons (Zot:4)
  2 tentacled monstrosities (Zot:4)
  A deep elf master archer (Zig:15)
  3 death cobs (Zot:4)
  An ancient champion (Zig:10)
  A shadow dragon (Zig:13)
  2 storm dragons
  A greater naga (Zig:9)
  3 iron dragons (Zig:13)
  A draconian scorcher (Zot:2)
  A vampire knight (Zig:10)
  2 black draconians (Zot:4)
  A white draconian (Zot:2)
  A yellow draconian (Zot:4)
  A deep elf annihilator (Zig:15)
  2 dire elephants (Zig:14)
  A salamander stormcaller (Zig:16)
  A purple draconian (Zot:4)
  3 fire dragons
  A jiangshi (Crypt:1)
  2 naga warriors (Zig:9)
  A death knight (Zig:10)
  2 catoblepae (Zig:14)
  A naga sharpshooter (Zig:9)
  A shadow wraith (Zig:11)
  A skeletal warrior (Crypt:1)
  A death scarab (Zig:8)
  A death drake (Zig:13)
  2 phantasmal warriors
  A wizard (Zig:12)
  An anubis guard (Zig:8)
  A swamp dragon (Zig:13)
  A mana viper (Zig:9)
  5 moths of wrath
  An elephant (Zig:14)
  3 black mambas
  2 naga magi (Zig:12)
  A spiny frog (Zig:14)
  A fire drake (Zig:13)
  A guardian mummy (Zig:8)
  A merfolk (Shoals:4)
  A yak (Zig:14)
  A deep elf mage (Zig:15)
  3 deep elf fighters (Zig:15)
  2 mottled dragons (Zig:13)
  3 water moccasins (Zig:14)
  A swamp drake (Zig:13)
  A sheep (Zig:14)
  A mummy (Zig:8)
  3 river rats (Zig:14)
81 creatures vanquished.

Vanquished Creatures (others)
  An ancient lich (Crypt:3)
  A caustic shrike (Depths:4)
  2 golden dragons (Vaults:5)
  The ghost of Jerry the Carver, an adept NaFi of Ashenzari (Elf:3)
  A deep elf blademaster (Elf:2)
  A deep elf master archer (Elf:3)
  A Shadow Fiend (Depths:2)
  An eldritch tentacle (Depths:4)
  An ancient champion (Crypt:1)
  2 sphinxes
  4 tengu reavers (Vaults:5)
  3 storm dragons
  A frost giant (Depths:1)
  4 fire giants
  5 vault wardens
  A balrug (Depths:1)
  A caustic shrike zombie (Zig:8)
  4 deep elf sorcerers
  2 emperor scorpions
  An orc warlord (Vaults:3)
  A war gargoyle (Vaults:5)
  A ghoul (Crypt:1)
  8 ironheart preservers
  A very ugly thing (Depths:4)
  The ghost of dricus the Fighter, a journeyman MiBe of Trog (Lair:4)
  2 vampire knights
  6 eidola (Crypt:3)
  A merfolk javelineer (Shoals:4)
  2 deep elf death magi
  8 vault guards
  A deep elf high priest (Elf:1)
  4 great orbs of eyes
  A fire dragon (Depths:1)
  A merfolk impaler (Shoals:4)
  3 yaktaur captains
  3 ettins
  An entropy weaver (Depths:4)
  3 ice dragons
  A spriggan air mage (Depths:4)
  A death knight (Zig:11)
  3 centaur warriors
  4 death yaks
  3 dancing weapons (Elf:2)
  A vampire mage (Vaults:3)
  2 satyrs (Shoals:4)
  An orc high priest (Elf:1)
  A hell hog (Abyss:3)
  A soul eater (Crypt:3)
  3 deep elf knights
  3 spriggan berserkers (Depths:4)
  2 storm dragon zombies
  2 hell knights
  A deep troll earth mage (Depths:5)
  4 shadow wraiths
  5 skeletal warriors
  A golden dragon zombie (Crypt:2)
  2 giant orange brains
  3 hill giants
  5 deep trolls
  A deep elf summoner (Elf:3)
  A ghost moth zombie (Crypt:3)
  2 flayed ghosts
  3 ironbrand convokers
  4 phantasmal warriors
  2 orange crystal statues (Depths:2)
  6 orc knights
  A fire giant zombie (Depths:2)
  3 fauns (Shoals:4)
  A mana viper (Depths:2)
  3 wolf spiders
  2 griffons
  2 deep elf conjurers
  An oklob plant (Lair:5)
  A lindwurm (Lair:6)
  3 necromancers
  5 elephants
  12 ugly things
  2 hornets
  2 black mambas
  A water nymph (Shoals:4)
  A fire giant skeleton (Crypt:3)
  A vault sentinel (Vaults:5)
  3 sirens
  3 spiny frogs
  2 komodo dragons
  A molten gargoyle (Volcano)
  A hellwing (Crypt:3)
  A large abomination (Abyss:1)
  A spectral merfolk (Depths:2)
  A deep elf priest (Vaults:2)
  A hydra zombie (Crypt:3)
  4 fire drakes
  A tengu conjurer (D:15)
  11 yaktaurs
  A troll (Vaults:3)
  A freezing wraith (Vaults:5)
  A raiju (shapeshifter) (Depths:4)
  2 snapping turtles (Shoals:4)
  2 boulder beetles
  2 slime creatures (Depths:2)
  A shadow (Depths:2)
  2 deep elf magi
  9 yaks
  A tarantella (Spider:4)
  3 wraiths
  5 water elementals
  A hippogriff (Shoals:4)
  A neqoxec (Zig:1)
  2 basilisks
  A naga (shapeshifter) (Vaults:1)
  A wolf (Lair:7)
  A mottled dragon (Vaults:2)
  5 deep elf fighters
  2 vampires
  A vampire mosquito (Vaults:1)
  A wasp (Spider:4)
  3 hell hounds (Depths:2)
  4 orc warriors
  3 water moccasins
  A human zombie (Vaults:4)
  3 centaurs
  6 ogres
  2 crocodiles
  A wyvern skeleton (Crypt:3)
  A killer bee (Lair:3)
  A wight (Depths:2)
  A spectral ogre (Depths:2)
  A crimson imp (D:13)
  2 river rats
  An adder (Lair:8)
  A white imp (Abyss:1)
  3 jackals (D:2)
  117 eldritch tentacle segments (Depths:4)
  A fire vortex (Zig:16)
  72 fungi
  6 lost souls
  A lurking horror (Abyss:1)
  150 plants
  10 starspawn tentacles
  159 starspawn tentacle segments
  3 toadstools (D:1)
824 creatures vanquished.

Grand Total: 3615 creatures vanquished

Notes
Turn   | Place    | Note
--------------------------------------------------------------
     0 | Abyss:1  | Badjas the Demonspawn Abyssal Knight began the quest for the Orb.
     0 | Abyss:1  | Reached XP level 1. HP: 18/18 MP: 2/2
     3 | Abyss:1  | Found a corrupted altar of Lugonu.
    66 | Abyss:1  | Found a corrupted altar of Lugonu.
    91 | D:1      | Escaped the Abyss
   355 | D:1      | Reached skill level 1 in Dodging
   452 | D:1      | Gained mutation: You are slightly more attuned to the shadows. [demonic ancestry]
   452 | D:1      | Reached XP level 2. HP: 22/24 MP: 3/3
   806 | D:2      | Gained mutation: You are significantly more attuned to the shadows. [demonic ancestry]
   806 | D:2      | Reached XP level 3. HP: 24/30 MP: 4/4
  1006 | D:2      | Reached ** piety under Lugonu
  1163 | D:2      | Reached skill level 4 in Fighting
  1308 | D:2      | Reached XP level 4. HP: 32/37 MP: 5/5
  1725 | D:3      | Found a faded altar to an unknown god.
  2104 | D:3      | Reached XP level 5. HP: 12/42 MP: 6/6
  2401 | D:3      | Found a radiant altar of Vehumet.
  2425 | D:3      | Noticed Sigmund
  2439 | D:4      | Found a shimmering altar of Xom.
  2444 | D:4      | Noticed an angel
  2449 | D:4      | Noticed an ogre
  2486 | D:4      | Reached skill level 1 in Stealth
  2505 | D:4      | Noticed Blork the orc
  2545 | D:4      | Reached skill level 1 in Short Blades
  2642 | D:5      | Entered Level 5 of the Dungeon
  2643 | D:5      | Reached *** piety under Lugonu
  2709 | D:4      | Found Userch's Magic Scroll Boutique.
  2715 | D:4      | Bought a scroll of teleportation for 36 gold pieces
  2715 | D:4      | Bought a scroll of noise for 12 gold pieces
  2715 | D:4      | Bought a scroll of identify for 24 gold pieces
  2715 | D:4      | Bought a scroll of remove curse for 36 gold pieces
  2762 | D:4      | Noticed Natasha
  2774 | D:4      | Killed Natasha
  2799 | D:4      | Noticed Natasha
  2829 | D:4      | Got a crystal hand axe
  2862 | D:4      | Identified the +5 hand axe "Grim" {chop, Int+4 Dex+4 Stlth+} (You found it on level 4 of the Dungeon)
  2973 | D:4      | Gained mutation: You are partially covered in sharp spines. [demonic ancestry]
  2973 | D:4      | Reached XP level 6. HP: 46/49 MP: 7/7
  3053 | D:4      | Found a glowing silver altar of Zin.
  3108 | D:4      | Noticed a phantom
  3154 | D:4      | Killed Natasha
  3440 | D:4      | Got a dazzling chain mail
  3463 | D:4      | Identified the +5 chain mail "Ihi Zov" {Dex+3} (You found it on level 4 of the Dungeon)
  3638 | D:4      | Bought a scroll of identify for 24 gold pieces
  3638 | D:4      | Bought a scroll of teleportation for 36 gold pieces
  3638 | D:4      | Bought a scroll of identify for 24 gold pieces
  3667 | D:4      | Noticed Natasha
  3674 | D:4      | Killed Natasha
  3780 | D:5      | Got a wavering lead ring
  3891 | D:5      | Reached skill level 5 in Fighting
  3925 | D:5      | Gained mutation: You have a pair of small antennae on your head. [demonic ancestry]
  3925 | D:5      | Reached XP level 7. HP: 29/56 MP: 8/8
  4059 | D:5      | Found a shadowy altar of Dithmenos.
  4093 | D:5      | Found an ancient bone altar of Kikubaaqudgha.
  4179 | D:5      | Found a blossoming altar of Fedhas.
  4261 | D:5      | Noticed a centaur
  4267 | D:5      | Killed a centaur
  4267 | D:5      | Reached **** piety under Lugonu
  4345 | D:6      | Found a deep blue altar of Sif Muna.
  4382 | D:6      | Found a staircase to the Ecumenical Temple.
  4651 | D:6      | Found a snail-covered altar of Cheibriados.
  4664 | D:6      | Identified the ring of Dim Light {MR+ SInv} (You found it on level 5 of the Dungeon)
  4685 | D:6      | Reached skill level 5 in Stealth
  4685 | D:6      | Gained mutation: You have a pair of antennae on your head. [demonic ancestry]
  4685 | D:6      | Reached XP level 8. HP: 56/64 MP: 9/9
  4705 | D:6      | Reached skill level 6 in Fighting
  5367 | D:7      | Killed an ogre
  5367 | D:7      | Reached skill level 5 in Armour
  5767 | D:7      | Killed Blork the orc
  6199 | D:7      | Found a bloodstained altar of Trog.
  6274 | D:7      | Found a sparkling altar of Nemelex Xobeh.
  6313 | D:7      | Gained mutation: You are mostly covered in sharp spines. [demonic ancestry]
  6313 | D:7      | Reached XP level 9. HP: 71/71 MP: 11/11
  6685 | D:8      | Reached skill level 7 in Stealth
  6741 | D:8      | Noticed an unseen horror
  6935 | D:8      | Killed an unseen horror
  6935 | D:8      | Reached skill level 1 in Evocations
  7060 | D:8      | Found a shattered altar of Ashenzari.
  7113 | D:8      | Reached skill level 1 in Throwing
  7283 | D:8      | Reached ***** piety under Lugonu
  7496 | D:8      | Reached skill level 8 in Armour
  7571 | D:8      | Gained mutation: You are completely attuned to the shadows. [demonic ancestry]
  7571 | D:8      | Reached XP level 10. HP: 79/79 MP: 12/12
  8268 | D:9      | Got a transparent rapier
  8281 | D:9      | Identified the +7 rapier of Vengeance {flame, rF+ Str+2 Stlth-} (You found it on level 9 of the Dungeon)
  8881 | D:9      | Found an opulent altar of Gozag.
  9421 | D:9      | Reached skill level 5 in Invocations
  9464 | D:10     | Entered Level 10 of the Dungeon
  9468 | D:10     | Reached skill level 9 in Armour
  9546 | D:10     | Got a pitted battleaxe
  9547 | D:10     | Identified the +8 battleaxe "Secops" {freeze, -Tele rPois Str+8} (You found it on level 10 of the Dungeon)
  9667 | D:10     | Found a staircase to the Lair.
  9687 | Lair:1   | Entered Level 1 of the Lair of Beasts
  9754 | D:10     | Found Sefetuiw's Distillery.
  9760 | D:10     | Bought a potion of cancellation for 104 gold pieces
  9760 | D:10     | Bought a potion of invisibility for 104 gold pieces
  9818 | D:10     | Learned a level 2 spell: Cure Poison
  9908 | D:10     | Noticed Maurice
  9918 | D:10     | Killed Maurice
  9957 | D:10     | Noticed a white ugly thing
  9997 | D:10     | Noticed Snorg
 10027 | D:10     | Reached ****** piety under Lugonu
 10091 | D:10     | Noticed a hill giant
 10096 | D:10     | Killed a hill giant
 10208 | D:11     | Found a flickering gateway to a bazaar.
 10237 | Bazaar   | Entered a bazaar
 10237 | Bazaar   | Found Rounemp's Armour Boutique.
 10239 | Bazaar   | Found Maneosor's Book Shoppe.
 10274 | Bazaar   | Found Wazeng's Magic Scroll Shop.
 10282 | Bazaar   | Found Sotzasi's Book Shop.
 10350 | Bazaar   | Bought a scroll of identify for 22 gold pieces
 10350 | Bazaar   | Bought a scroll of enchant weapon for 82 gold pieces
 10350 | Bazaar   | Bought a scroll of identify for 22 gold pieces
 10350 | Bazaar   | Bought a scroll of teleportation for 33 gold pieces
 10350 | Bazaar   | Bought a scroll of enchant armour for 82 gold pieces
 10350 | Bazaar   | Bought a scroll of remove curse for 33 gold pieces
 10350 | Bazaar   | Bought a scroll of blinking for 82 gold pieces
 10350 | Bazaar   | Bought a scroll of teleportation for 33 gold pieces
 10350 | Bazaar   | Bought a scroll of identify for 22 gold pieces
 10350 | Bazaar   | Bought a scroll of identify for 22 gold pieces
 10350 | Bazaar   | Bought a scroll of recharging for 104 gold pieces
 10424 | D:11     | Found a staircase to the Orcish Mines.
 10514 | D:11     | Reached XP level 11. HP: 87/87 MP: 15/15
 10640 | D:11     | Noticed a necromancer
 10641 | D:11     | Killed a necromancer
 10641 | D:11     | Reached skill level 10 in Armour
 10731 | D:11     | Noticed a skeletal warrior
 10767 | D:11     | Killed a skeletal warrior
 11135 | D:12     | Noticed an unseen horror
 11219 | D:12     | Killed an unseen horror
 11219 | D:12     | Reached skill level 10 in Fighting
 11223 | D:12     | Noticed a hill giant
 11471 | D:12     | Killed a hill giant
 11471 | D:12     | Reached skill level 11 in Armour
 12047 | D:10     | Reached XP level 12. HP: 51/98 MP: 18/18
 12822 | D:12     | HP: 4/98 [vampire mosquito (4)]
 13181 | Orc:1    | Entered Level 1 of the Orcish Mines
 13366 | Orc:1    | Reached skill level 5 in Short Blades
 13611 | Orc:1    | Noticed Fannar
 13815 | Orc:2    | Found a roughly hewn altar of Beogh.
 14218 | Orc:3    | Noticed a stone giant
 14400 | Orc:3    | Reached skill level 1 in Axes
 14401 | Orc:3    | Noticed an orc warlord
 14489 | Orc:3    | Killed an orc warlord
 14800 | Orc:3    | Noticed Rupert
 15163 | Orc:4    | Entered Level 4 of the Orcish Mines
 15351 | Orc:3    | Found a staircase to the Elven Halls.
 15473 | Orc:3    | Found a radiant altar of Vehumet.
 15707 | Orc:4    | Noticed an orc warlord
 17202 | Orc:4    | Reached skill level 10 in Invocations
 17278 | Orc:4    | Paralysed by an orc sorcerer for 6 turns
 17601 | Orc:4    | Noticed a stone giant
 17959 | Orc:4    | Found Lausiunn's Distillery.
 17959 | Orc:4    | Found Areseguf's Food Boutique.
 17959 | Orc:4    | Found Ynarho's Antique Weapon Shop.
 17960 | Orc:4    | Found Kuuqyv's General Store.
 17969 | Orc:4    | Bought a quick blade for 375 gold pieces
 17969 | Orc:4    | Identified an uncursed glowing quick blade (a quick blade corrupted by Lugonu)
 17969 | Orc:4    | Received a gift from Lugonu
 17976 | Orc:4    | Bought a potion of beneficial mutation for 490 gold pieces
 17976 | Orc:4    | Bought a potion of heal wounds for 70 gold pieces
 17984 | Orc:4    | Gained mutation: You are agile. (Dex +2) [potion of mutation]
 17984 | Orc:4    | Gained mutation: You are dopey. (Int -2) [potion of mutation]
 17984 | Orc:4    | Gained mutation: You have large cloven feet. [potion of mutation]
 17985 | Orc:4    | Gained mutation: You are robust (+10% HP). [potion of mutation]
 17986 | Orc:4    | Gained mutation: Your flesh is heat resistant. [potion of beneficial mutation]
 18841 | Lair:1   | Gained mutation: You have a somewhat thin skeletal structure (Dex +2, Stealth). [demonic ancestry]
 18841 | Lair:1   | Reached XP level 13. HP: 116/116 MP: 20/20
 19196 | Lair:2   | Got a distressingly furry leather armour
 19202 | Lair:2   | Found a dark tunnel.
 19215 | Lair:2   | Identified the cursed +1 leather armour of Beogh's Esteem {Dex+8 Stlth+} (You found it on level 2 of the Lair of Beasts)
 19238 | Volcano  | Entered a volcano
 19523 | Volcano  | Found a burning altar of Makhleb.
 19523 | Volcano  | Noticed Urug
 20367 | Lair:2   | Noticed Harold
 20416 | Lair:2   | Killed Harold
 21791 | Lair:4   | Noticed dricus's ghost (journeyman MiBe)
 21842 | Lair:4   | Noticed Josephine
 22883 | Lair:5   | Reached skill level 5 in Dodging
 22900 | Lair:5   | Found a staircase to the Shoals.
 23031 | Lair:5   | Found a basalt altar of Yredelemnul.
 23057 | Lair:5   | Found a hole to the Spider Nest.
 24267 | Lair:6   | Found a staircase to the Slime Pits.
 24267 | Lair:6   | Found a viscous altar of Jiyva.
 24398 | Lair:6   | Gained mutation: You have a pair of large antennae on your head (SInv). [demonic ancestry]
 24398 | Lair:6   | Reached XP level 14. HP: 86/124 MP: 17/22
 26065 | Lair:7   | Reached skill level 10 in Dodging
 26346 | Lair:8   | Entered Level 8 of the Lair of Beasts
 27459 | Lair:8   | Reached skill level 12 in Dodging
 27572 | Lair:8   | Identified a scroll of acquirement
 28209 | Lair:8   | Gained mutation: You have a moderately thin skeletal structure (Dex +4, Stealth+). [demonic ancestry]
 28209 | Lair:8   | Reached XP level 15. HP: 111/130 MP: 23/23
 28968 | Lair:4   | Banished dricus's ghost
 28968 | Lair:4   | Reached skill level 13 in Dodging
 29654 | D:13     | Found a gate to the Vaults.
 30983 | D:14     | Noticed Roxanne
 31300 | D:15     | Entered Level 15 of the Dungeon
 31358 | D:15     | Got an obsidian-encrusted chain mail
 31467 | D:14     | Identified the +9 chain mail of Optimism {MR+ Int+2 Slay+3} (You found it on level 15 of the Dungeon)
 31500 | D:15     | Found a staircase to the Depths.
 31501 | D:15     | Reached skill level 14 in Dodging
 32293 | D:15     | Noticed Peloso's ghost (journeyman MiFi)
 32628 | Shoals:1 | Entered Level 1 of the Shoals
 32952 | Shoals:1 | Noticed Nikola
 33938 | Shoals:1 | Noticed Donald
 33940 | Shoals:1 | Killed Donald
 33954 | Shoals:1 | Gained mutation: You are completely covered in sharp spines. [demonic ancestry]
 33954 | Shoals:1 | Reached XP level 16. HP: 127/141 MP: 25/25
 34148 | Shoals:2 | Noticed Polyphemus
 34583 | Shoals:2 | Killed Polyphemus
 35738 | Shoals:3 | Noticed Mara
 35749 | Shoals:4 | Entered Level 4 of the Shoals
 35895 | Shoals:4 | Reached skill level 15 in Dodging
 37392 | Shoals:4 | Identified a +3 rod of shadows (10/10) (You found it on level 4 of the Shoals)
 37657 | Shoals:4 | Got a barnacled rune of Zot
 38215 | Shoals:4 | Noticed Ilsuiw
 38424 | Spider:1 | Entered Level 1 of the Spider Nest
 38582 | Spider:1 | Reached XP level 17. HP: 106/154 MP: 26/26
 39055 | Spider:4 | Entered Level 4 of the Spider Nest
 40035 | Spider:4 | Got a gossamer rune of Zot
 40483 | Vaults:1 | Entered Level 1 of the Vaults
 40726 | Vaults:1 | Reached skill level 1 in Shields
 40753 | Vaults:1 | Noticed Aizul
 40762 | Vaults:1 | Killed Aizul
 41035 | Vaults:1 | Found Wehunkoe's Magic Scroll Emporium.
 41658 | Vaults:1 | Reached skill level 10 in Stealth
 42496 | Vaults:1 | Gained mutation: Your flesh is cold resistant. [demonic ancestry]
 42496 | Vaults:1 | Reached XP level 18. HP: 154/161 MP: 27/27
 44883 | Vaults:3 | Found a staircase to the Crypt.
 45483 | Vaults:3 | Found a roughly hewn altar of Beogh.
 45542 | Vaults:3 | Noticed Jory
 45646 | Vaults:3 | Got a vibrating silver ring
 45703 | Vaults:3 | Reached skill level 15 in Stealth
 45709 | Vaults:3 | Identified the ring "Avippor" {Wiz MR+} (You found it on level 3 of the Vaults)
 45779 | Vaults:3 | Found Ninneur's Jewellery Emporium.
 46109 | Vaults:4 | Learned a level 3 spell: Regeneration
 46443 | Vaults:4 | Found Cazunime's Antique Weapon Shoppe.
 46805 | Vaults:4 | Reached skill level 5 in Evocations
 47191 | Vaults:4 | Gained mutation: You are immune to freezing clouds. [demonic ancestry]
 47191 | Vaults:4 | Reached XP level 19. HP: 156/168 MP: 28/28
 47407 | Vaults:4 | Reached skill level 1 in Necromancy
 47448 | Vaults:4 | Found Wemuq's Distillery.
 47452 | Vaults:4 | Bought a potion of heal wounds for 95 gold pieces
 47452 | Vaults:4 | Bought a potion of degeneration for 19 gold pieces
 47645 | Vaults:4 | Found Ubuzisoh's Magic Scroll Boutique.
 47664 | Vaults:4 | Bought a scroll of identify for 42 gold pieces
 47664 | Vaults:4 | Bought a scroll of identify for 42 gold pieces
 47664 | Vaults:4 | Bought a scroll of identify for 42 gold pieces
 47664 | Vaults:4 | Bought a scroll of identify for 42 gold pieces
 47664 | Vaults:4 | Bought a scroll of identify for 42 gold pieces
 48493 | Vaults:3 | Reached skill level 5 in Necromancy
 48934 | Depths:1 | Entered Level 1 of the Depths
 48941 | Depths:1 | Reached skill level 1 in Charms
 49086 | Depths:1 | Found a one-way gate leading to the halls of Pandemonium.
 49668 | Depths:1 | Noticed Jorgrun
 49689 | Depths:1 | Killed Jorgrun
 49931 | Depths:1 | Found a gateway to Hell.
 50068 | Depths:1 | Reached skill level 1 in Spellcasting
 50274 | Depths:1 | Reached skill level 5 in Charms
 51271 | Depths:2 | Noticed Maud
 51287 | Depths:2 | Banished Maud
 51295 | Depths:2 | Got a smoking ring mail
 51304 | Depths:2 | Reached skill level 5 in Spellcasting
 51304 | Depths:2 | Gained mutation: You have an unnaturally thin skeletal structure (Dex +6, Stealth++). [demonic ancestry]
 51304 | Depths:2 | Reached XP level 20. HP: 176/176 MP: 29/29
 51317 | Depths:2 | Identified the cursed +0 ring mail of Vanity {Stlth+} (You found it on level 2 of the Depths)
 51892 | Depths:2 | Reached XP level 21. HP: 181/181 MP: 29/31
 52156 | Depths:2 | Reached skill level 10 in Necromancy
 52818 | Depths:3 | Found a gateway to a ziggurat.
 52826 | Depths:3 | Noticed Margery
 52864 | Depths:3 | Killed Margery
 52864 | Depths:3 | Reached skill level 15 in Fighting
 53080 | Depths:3 | Got a warped ring mail
 53081 | Depths:3 | Identified the +5 ring mail "Xeqaqi Tufi" {Int+4} (You found it on level 3 of the Depths)
 53526 | Depths:3 | Got a pair of heavily runed gloves
 53537 | Depths:3 | Identified the +2 pair of gloves of the Albatross {Int+2} (You acquired it on level 3 of the Depths)
 53885 | Depths:3 | Noticed Zeloya's ghost (veteran KoFi)
 54756 | Depths:4 | Noticed a caustic shrike
 54965 | Depths:4 | Reached skill level 10 in Spellcasting
 55584 | Hell     | Entered the Vestibule of Hell
 56010 | Elf:1    | Entered Level 1 of the Elven Halls
 56065 | Elf:1    | Reached skill level 16 in Fighting
 56427 | Elf:1    | Found Cuhitz's Jewellery Boutique.
 57526 | Elf:2    | Found Vepumev's Assorted Antiques.
 57530 | Elf:2    | Bought a scroll of identify for 40 gold pieces
 57760 | Elf:2    | Found a runed gate.
 57766 | Elf:2    | Found a runed gate.
 57766 | Elf:2    | Found a runed gate.
 57864 | Elf:2    | Got a crystal shortbow
 57865 | Elf:2    | Identified the +7 shortbow of Oenomania {velocity, rC+ Str+4} (You found it on level 2 of the Elven Halls)
 57986 | Elf:2    | Reached XP level 22. HP: 197/197 MP: 37/37
 58522 | Elf:3    | Entered Level 3 of the Elven Halls
 58586 | Elf:3    | Noticed Jerry's ghost (adept NaFi)
 58587 | Elf:3    | Banished Jerry's ghost
 58638 | Elf:3    | Noticed Louise
 58642 | Elf:3    | Killed Louise
 59594 | Elf:3    | Reached skill level 5 in Shields
 60055 | Elf:3    | Got a translucent flail {elec}
 60092 | Elf:3    | Got an iridescent hand axe {freeze}
 60185 | Elf:3    | Identified the +5 hand axe "Leviticus" {freeze, rC+ MP+9} (You took it off a deep elf demonologist on level 3 of the Elven Halls)
 60186 | Elf:3    | Identified the +6 flail of Zeorykut {elec, Str+2} (You took it off a deep elf demonologist on level 3 of the Elven Halls)
 60236 | Elf:3    | Learned a level 6 spell: Freezing Cloud
 60271 | Elf:3    | Got a dazzling halberd {venom}
 60272 | Elf:3    | Identified the cursed +1 halberd of Floods {venom, MR+ MP+9 Dex-2 Stlth-} (You took it off a deep elf sorcerer on level 3 of the Elven Halls)
 60275 | Elf:3    | Got a pair of fine gloves
 60286 | Elf:3    | Identified the +3 pair of gloves of Hangman {Int+3} (You acquired it on level 3 of the Elven Halls)
 61756 | Depths:4 | Found a one-way gate to the infinite horrors of the Abyss.
 61807 | Depths:4 | Banished a caustic shrike
 62251 | Depths:5 | Entered Level 5 of the Depths
 62260 | Depths:5 | Reached skill level 10 in Shields
 62390 | Depths:5 | Reached skill level 17 in Fighting
 62640 | Depths:5 | Noticed a juggernaut
 63531 | Depths:5 | Found a gate to the Realm of Zot.
 63576 | Depths:5 | Reached XP level 23. HP: 189/205 MP: 38/38
 64353 | Crypt:1  | Entered Level 1 of the Crypt
 64395 | Crypt:1  | Learned a level 4 spell: Control Undead
 64523 | Crypt:1  | Reached skill level 10 in Short Blades
 64543 | Crypt:1  | Noticed Mennas
 64608 | Crypt:1  | Noticed Sojobo
 64630 | Crypt:1  | Banished Sojobo
 65211 | Crypt:1  | Noticed Boris
 65235 | Crypt:1  | Banished Mennas
 65615 | Crypt:2  | Got a vibrating brass amulet
 65616 | Crypt:2  | Identified the amulet of Mifufiul {Ward rN+ Int+4 Dex+4} (You found it on level 2 of the Crypt)
 65798 | Crypt:2  | Reached skill level 18 in Fighting
 65870 | Crypt:2  | Identified the Incunabulum of Creative Transformation (You found it on level 2 of the Crypt)
 66279 | Crypt:3  | Entered Level 3 of the Crypt
 67060 | Crypt:3  | Got an ichor-stained mace
 67061 | Crypt:3  | Identified the +7 mace of Lihext {crush, rF+} (You found it on level 3 of the Crypt)
 67355 | Crypt:3  | Found a staircase to the Tomb.
 67651 | Crypt:3  | Found an ancient bone altar of Kikubaaqudgha.
 67944 | Crypt:3  | Noticed an ancient lich
 67950 | Crypt:3  | Noticed an ancient lich
 67950 | Crypt:3  | Banished an ancient lich
 68182 | Crypt:3  | Identified Sirghoesk's Compendium of Evil (You found it on level 3 of the Crypt)
 68202 | Crypt:3  | Learned a level 5 spell: Dispel Undead
 69252 | Crypt:1  | Learned a level 2 spell: Sublimation of Blood
 69460 | Vaults:5 | Entered Level 5 of the Vaults
 69714 | Vaults:4 | Gained mutation: A frigid envelope surrounds you and freezes all who hurt you. [demonic ancestry]
 69714 | Vaults:4 | Reached XP level 24. HP: 202/217 MP: 37/38
 70558 | Vaults:5 | Reached skill level 1 in Poison Magic
 70892 | Vaults:5 | Identified the Volume of Mutagenic Toxins (You found it on level 5 of the Vaults)
 70956 | Vaults:5 | Got a brightly glowing mace {pain}
 70957 | Vaults:5 | Identified the +6 mace of Animal Spirits {pain, *Confuse rC+++ MR++} (You took it off a yaktaur on level 5 of the Vaults)
 71504 | Vaults:5 | Got an ancient plate armour
 71505 | Vaults:5 | Identified the +4 plate armour "Penkaucola" {*Contam rC+++ Int+6} (You found it on level 5 of the Vaults)
 72916 | Vaults:5 | Got a silver rune of Zot
 73020 | Vaults:5 | Gained mutation: Scrolls take you a little longer to read. [a shining eye]
 73129 | Vaults:5 | Got a bloodstained whip
 73132 | Vaults:5 | Identified the +0 whip "Tymo" {flame, rElec rC- rN+} (You found it on level 5 of the Vaults)
 73944 | Vaults:4 | Reached skill level 19 in Fighting
 74221 | Vaults:3 | Bought the ring of Shaolin {EV+8} for 2432 gold pieces
 74726 | D:13     | Learned a level 5 spell: Excruciating Wounds
 74845 | D:15     | Killed Peloso's ghost
 74845 | D:15     | Reached XP level 25. HP: 226/226 MP: 24/39
 75225 | Zot:1    | Entered Level 1 of the Realm of Zot
 75447 | Zot:1    | Reached skill level 15 in Armour
 75713 | Zot:1    | Learned a level 5 spell: Cigotuvi's Embrace
 76088 | Zot:1    | Got a pitted falchion
 76091 | Zot:1    | Identified the +5 falchion of Defilement {slice, +Blink rElec} (You found it on level 1 of the Realm of Zot)
 76170 | Zot:1    | Noticed riffraff's ghost (master MiFi)
 76192 | Zot:1    | Killed riffraff's ghost
 76793 | Zot:1    | Got an iridescent whip
 76796 | Zot:1    | Identified the cursed +0 whip of Honesty {flame, rPois Str+4} (You found it on level 1 of the Realm of Zot)
 76915 | Depths:1 | Got a transparent spear {speed}
 76918 | Depths:1 | Identified the +7 spear "Lyam Reng" {speed, *Corrode rPois Dex+4} (You took it off a yaktaur on level 1 of the Depths)
 77450 | Zot:1    | Learned a level 6 spell: Death Channel
 78385 | Zot:2    | Reached skill level 15 in Necromancy
 78400 | Zot:2    | Reached XP level 26. HP: 197/235 MP: 27/41
 79859 | Zot:4    | Reached skill level 15 in Spellcasting
 80054 | Zot:4    | Reached skill level 15 in Short Blades
 80319 | Zot:4    | Noticed an orb of fire
 80341 | Zot:4    | Killed an orb of fire
 81474 | Zot:5    | Entered Level 5 of the Realm of Zot
 81967 | Orc:3    | Killed a stone giant
 82034 | Orc:3    | Killed Rupert
 82048 | Orc:3    | Learned a level 6 spell: Simulacrum
 82548 | Elf:3    | Reached skill level 1 in Ice Magic
 83383 | Depths:4 | Voluntarily entered the Abyss.
 83410 | Abyss:1  | Got an ancient shortbow
 83913 | Abyss:1  | Killed Mennas
 83913 | Abyss:1  | Reached XP level 27. HP: 157/242 MP: 34/43
 85414 | Abyss:1  | Found a deep blue altar of Sif Muna.
 85428 | Abyss:1  | Found a shimmering altar of Xom.
 86267 | Abyss:1  | Killed Sojobo
 86271 | Abyss:1  | Reached skill level 5 in Ice Magic
 86333 | Abyss:1  | Killed Maud
 86538 | Abyss:3  | Found a corrupted altar of Lugonu.
 87037 | Abyss:3  | Found an iron altar of Okawaru.
 87084 | Abyss:3  | Found an iron altar of Okawaru.
 87133 | Abyss:3  | Got an abyssal rune of Zot
 87195 | Abyss:3  | Found a corrupted altar of Lugonu.
 87408 | Depths:4 | Escaped the Abyss
 87472 | Zig:1    | Entered Level 1 of a ziggurat
 87506 | Zig:2    | Entered Level 2 of a ziggurat
 87657 | Zig:3    | Entered Level 3 of a ziggurat
 87711 | Zig:4    | Entered Level 4 of a ziggurat
 87802 | Zig:5    | Entered Level 5 of a ziggurat
 87897 | Zig:5    | Identified a +2 rod of shadows (11/11) (You found it on level 5 of a ziggurat)
 87965 | Zig:6    | Entered Level 6 of a ziggurat
 87999 | Zig:6    | Reached skill level 10 in Ice Magic
 88143 | Zig:7    | Entered Level 7 of a ziggurat
 88230 | Zig:7    | Identified the Reference Book on Attacks and Feathers
 88250 | Zig:7    | Got a twisted pearl dragon armour
 88253 | Zig:7    | Identified the +3 pearl dragon armour of Impermeability {rN+ MR+ Str+4 Dex+3} (You found it on level 7 of a ziggurat)
 88266 | Zig:8    | Entered Level 8 of a ziggurat
 88365 | Zig:8    | Got a twitching brass ring
 88367 | Zig:8    | Identified the ring "Luneffe" {rF- rN+ Str+3 Dex+3} (You found it on level 8 of a ziggurat)
 88491 | Zig:9    | Entered Level 9 of a ziggurat
 88623 | Zig:9    | Got a shimmering ivory ring
 88625 | Zig:9    | Identified the ring "Ylakkeo" {SustAt rF+} (You found it on level 9 of a ziggurat)
 88651 | Zig:9    | Got an ancient silver amulet
 88675 | Zig:9    | Identified the amulet of the Present {Inacc rF++ rC+ MP+9} (You found it on level 9 of a ziggurat)
 88687 | Zig:10   | Entered Level 10 of a ziggurat
 88826 | Zig:10   | Identified the Almanac of the Mutagenic Snowflakes
 88845 | Zig:10   | Got a translucent battleaxe
 88848 | Zig:10   | Identified the +7 battleaxe "Omoiffurph" {venom, rC+ rN+++ Str+3 Stlth-} (You found it on level 10 of a ziggurat)
 88935 | Zig:11   | Entered Level 11 of a ziggurat
 88974 | Zig:11   | Noticed an ancient lich
 89047 | Zig:11   | Killed an ancient lich
 89153 | Zig:11   | Got a transparent steel ring
 89155 | Zig:11   | Identified the ring of Sif Muna's Esteem {Ice rPois} (You found it on level 11 of a ziggurat)
 89246 | Zig:12   | Entered Level 12 of a ziggurat
 89443 | Zig:12   | Identified the Incunabulum of the Helpful Frostbite (You acquired it on level 12 of a ziggurat)
 89451 | Zig:12   | Learned a level 6 spell: Deflect Missiles
 89601 | Zig:13   | Entered Level 13 of a ziggurat
 89645 | Zig:13   | Reached skill level 1 in Air Magic
 89696 | Zig:13   | Reached skill level 5 in Air Magic
 89730 | Zig:13   | Got a pair of encrusted boots
 89741 | Zig:13   | Identified the +0 pair of boots of the Snake Pit {rElec rPois rF+ MP-9} (You found it on level 13 of a ziggurat)
 89756 | Zig:13   | Identified Sif Muna's Handbook of Lucky Dark Secrets
 89759 | Zig:13   | Got a slimy rapier
 89760 | Zig:13   | Identified the cursed +2 rapier "Lev Uli" {venom, *Drain rElec Int+4 SInv} (You found it on level 13 of a ziggurat)
 89850 | Zig:14   | Entered Level 14 of a ziggurat
 89928 | Zig:14   | Reached skill level 10 in Evocations
 90228 | Zig:15   | Entered Level 15 of a ziggurat
 90418 | Zig:15   | Identified Iskenderun's Reference Book on Torrid Battle Magic
 90464 | Zig:15   | Identified a cursed +5 rod of the swarm (13/13) (You found it on level 15 of a ziggurat)
 90474 | Zig:15   | Got a flickering granite ring
 90476 | Zig:15   | Identified the ring "Figius" {rN+ MR+ MP+9 Dex+3} (You found it on level 15 of a ziggurat)
 90481 | Zig:15   | Identified the Papyrus of Cloudy Illusion (You found it on level 15 of a ziggurat)
 90531 | Zig:16   | Entered Level 16 of a ziggurat
 90548 | Zig:16   | Noticed an orb of fire
 90573 | Zig:16   | Noticed an orb of fire
 90589 | Zig:16   | Noticed an orb of fire
 90591 | Zig:16   | Gained mutation: Your spells are a little easier to cast, but a little less powerful. [an orb of fire]
 90595 | Zig:16   | Noticed an orb of fire
 90601 | Zig:16   | Lost mutation: You are robust (+10% HP). [an orb of fire]
 90609 | Zig:16   | Noticed an orb of fire
 90616 | Zig:16   | Gained mutation: Armour fits poorly on your strangely shaped body. [an orb of fire]
 90625 | Zig:16   | HP: 10/221 [orb of fire/fireball (17)]
 90629 | Zig:16   | Killed from afar by an orb of fire

Action                   |  1- 3 |  4- 6 |  7- 9 | 10-12 | 13-15 | 16-18 | 19-21 | 22-24 | 25-27 || total
-------------------------+-------+-------+-------+-------+-------+-------+-------+-------+-------++-------
Melee: Falchion          |    17 |       |       |       |       |       |       |       |       ||    17
       Short sword       |    67 |    10 |       |       |       |       |       |       |       ||    77
       Dagger            |    17 |   137 |       |   521 |       |       |       |       |       ||   675
       Hand axe          |       |    55 |   207 |    22 |       |       |       |       |       ||   284
       Battleaxe         |       |       |       |   269 |    24 |   169 |    10 |       |       ||   472
       Rapier            |       |       |       |     2 |       |       |       |       |       ||     2
       Quick blade       |       |       |       |    93 |  2015 |  2008 |  1909 |  3732 |  2913 || 12670
       Halberd           |       |       |       |       |       |       |       |     5 |       ||     5
Throw: Tomahawk          |       |       |     7 |       |       |       |       |       |       ||     7
       Javelin           |       |       |       |     9 |       |       |       |       |       ||     9
       Throwing net      |       |       |       |       |     1 |     5 |     3 |     9 |       ||    18
 Cast: Regeneration      |       |       |       |       |       |       |    34 |   110 |    82 ||   226
       Cure Poison       |       |       |       |       |       |       |       |    15 |    13 ||    28
       Control Undead    |       |       |       |       |       |       |       |    10 |     4 ||    14
       Dispel Undead     |       |       |       |       |       |       |       |     3 |    64 ||    67
       Excruciating Woun |       |       |       |       |       |       |       |       |    85 ||    85
       Cigotuvi's Embrac |       |       |       |       |       |       |       |       |    31 ||    31
       Death Channel     |       |       |       |       |       |       |       |       |    33 ||    33
       Sublimation of Bl |       |       |       |       |       |       |       |       |    10 ||    10
       Simulacrum        |       |       |       |       |       |       |       |       |     6 ||     6
       Deflect Missiles  |       |       |       |       |       |       |       |       |     1 ||     1
Invok: Banish            |       |       |     1 |     3 |     2 |     4 |       |       |       ||    10
       Bend Space        |       |       |       |     2 |       |       |       |     1 |       ||     3
       Brand Weapon With |       |       |       |     1 |       |       |       |       |       ||     1
 Abil: Stop Flying       |       |       |       |       |       |       |     2 |     2 |     2 ||     6
       Evoke Flight      |       |       |       |       |       |       |     2 |     2 |     1 ||     5
Evoke: Wand              |       |       |     5 |    13 |     1 |     2 |       |     6 |     4 ||    31
       Lamp of fire      |       |       |       |       |     1 |     1 |       |     3 |     1 ||     6
       Stone of tremors  |       |       |       |       |     1 |     1 |       |       |       ||     2
       Phial of floods   |       |       |       |       |     1 |       |       |     1 |     2 ||     4
       Rod               |       |       |       |       |       |     2 |       |       |     2 ||     4
       Box of beasts     |       |       |       |       |       |       |       |     2 |     2 ||     4
       Phantom mirror    |       |       |       |       |       |       |       |       |     1 ||     1
  Use: Scroll            |       |     7 |     3 |    22 |    11 |     5 |     9 |    17 |    26 ||   100
       Potion            |       |       |     1 |     7 |     3 |       |     1 |       |    11 ||    23
 Stab: Sleeping          |     4 |    13 |     9 |    50 |    97 |    67 |    52 |    70 |    19 ||   381
       Distracted        |       |       |     4 |     3 |    19 |     8 |    25 |    44 |    70 ||   173
       Invisible         |       |       |       |       |     1 |       |       |     1 |    12 ||    14
       Held in net/web   |       |       |       |       |     1 |     4 |     1 |     5 |       ||    11
       Petrified         |       |       |       |       |       |       |       |       |     2 ||     2
  Eat: Chunk             |     1 |     9 |    10 |    38 |    48 |    51 |    43 |    48 |    64 ||   312
       Beef jerky        |       |       |     1 |       |       |       |       |     1 |     1 ||     3
       Fruit             |       |       |       |     5 |       |       |       |    21 |    11 ||    37
       Royal jelly       |       |       |       |     1 |       |       |       |       |       ||     1
       Pizza             |       |       |       |       |     2 |     2 |     1 |     1 |     2 ||     8
